 Dungeon Crawl Stone Soup version 0.32-a0-558-g233958a4c4 (webtiles) character file.

Game seed: 1743022146810446895

217 kae the Firebug (level 5, -2/42 HPs)
             Began as a Deep Elf Fire Elementalist on Mar 1, 2024.
             Slain by a water moccasin zombie (4 damage)
             ... in an ossuary.
             The game lasted 00:02:37 (3018 turns).

kae the Firebug (Deep Elf Fire Elementalist)        Turns: 3018, Time: 00:02:38

Health: -2/42      AC:  5    Str:  5    XL:     5   Next: 62%
Magic:  13/14      EV: 11    Int: 22    God:
Gold:   198        SH:  0    Dex: 15    Spells: 10/13 levels left

rFire   . . .        l - +2 dagger (speed)
rCold   . . .        (no shield)
rNeg    . . .        f - +1 leather armour {rPois}
rPois   +            m - +0 helmet
rElec   .            (no cloak)
rCorr   .            (no gloves)
SInv    .            (no boots)
Will    .....        (no amulet) Stlth
                     (no ring)
HPRegen 0.27/turn    (no ring)
MPRegen 0.14/turn

%: no passive effects
@: berserking, very quick
A: no striking features
a: no special abilities


You were in an ossuary.
You visited 1 branch of the dungeon, and saw 4 of its levels.
You also visited: Ossuary.

You collected 198 gold pieces.


   Skills:
 - Level 2.4 Dodging
 - Level 2.4 Stealth
 + Level 4.6 Spellcasting
 + Level 3.1 Conjurations
 * Level 5.5 Fire Magic


You had 10 spell levels left.
You knew the following spells:

 Your Spells              Type           Power      Damage    Failure   Level
a - Foxfire               Conj/Fire      96%        2x1d8     3%          1
b - Scorch                Fire           58%        2d7       2%          2

Your spell library contained the following spells:

 Spells                   Type           Power      Damage    Failure   Level
 Sting                    Conj/Alch      48%        1d6       10%         1
 Apportation              Tloc           10%        N/A       17%         1
 Necrotise                Necr           20%        1d5       17%         1
 Summon Small Mammal      Summ           20%        N/A       17%         1
 Inner Flame              Hex/Fire       17%        N/A       17%         3
 Volatile Blastmotes      Fire/Tloc      34%        2d12      17%         3
 Flame Wave               Conj/Fire      24%        2d8       28%         4
 Call Canine Familiar     Summ           5%         N/A       45%         3
 Vampiric Draining        Necr           5%         2d6       45%         3
 Summon Blazeheart Golem  Fire/Summ      17%        N/A       50%         4
 Martyr's Knell           Necr/Summ      5%         N/A       86%         4
 Curse of Agony           Necr           5%         N/A       99%         5

Inventory:

Hand Weapons
 l - a +2 dagger of speed (weapon)
   (You took it off Robin on level 2 of the Dungeon)
Missiles
 h - 14 stones
 o - 6 poisoned darts
Armour
 a - a +0 robe
 f - a +1 leather armour of poison resistance (worn)
   (You found it on level 1 of the Dungeon)
 m - a +0 helmet (worn)
   (You took it off Robin on level 2 of the Dungeon)
Scrolls
 d - a scroll of fear
Potions
 b - 2 potions of magic
 c - 2 potions of haste {@q3}
 e - 2 potions of curing {@q1}
 i - a potion of degeneration {!q}
 j - a potion of cancellation {unknown}
 k - a potion of might {unknown}
 n - a potion of heal wounds {unknown}

Dungeon Overview and Level Annotations

Branches:
Dungeon (4/15) Zot: 21053 Ossuary (1/1) Zot: 5934
 Temple: D:4-7

Altars:
Xom

Annotations:
D:3 Grinder, Sigmund

#...'.∩.#?:$!+
#...#...#?!??#
#...##### ###
#...# ###'#
#...# #...#
#...# #@..#
#Z###


#ZZ #Z.. #...# #...# ##+## You could see 2 water moccasin zombies, a gnoll
zombie and an orc zombie.


Message History

There are monsters nearby!
Casting: Foxfire (safe; 3% risk of failure)
Confirm with . or Enter, or press ? or * to list all spells.
You conjure some foxfire!
The foxfire hits the adder zombie.
The foxfire hits the adder zombie!
Casting: Foxfire (safe; 3% risk of failure)
Confirm with . or Enter, or press ? or * to list all spells.
You conjure some foxfire!
The adder zombie completely misses you.
The foxfire hits the adder zombie. x2
You destroy the adder zombie! 😎 MP[-1]
You lost 1 mp, and now have 10/13 mp.
Casting: Foxfire (safe; 3% risk of failure)
Confirm with . or Enter, or press ? or * to list all spells.
You conjure some foxfire!
The foxfire hits the orc zombie! x2
You destroy the orc zombie! 😎 MP[-1]
You lost 1 mp, and now have 9/13 mp.
Casting: Foxfire (safe; 3% risk of failure)
Confirm with . or Enter, or press ? or * to list all spells.
You conjure some foxfire! 😎 MP[-1]
You lost 1 mp, and now have 8/13 mp.
Casting: Foxfire (safe; 3% risk of failure)
Confirm with . or Enter, or press ? or * to list all spells.
You conjure some foxfire!
There is an open door here.
You open the door.
There is an open door here.
You open the door.
A gnoll zombie, an orc zombie and 3 water moccasin zombies come into view.
The water moccasin zombie bites you. 😕 HP[-5] MP[+5]
You take 5 damage, and now have 23/28 hp.
Your mp is fully restored (13).
There are monsters nearby!
There are monsters nearby!
There are monsters nearby!
Casting: Foxfire (safe; 3% risk of failure)
Confirm with . or Enter, or press ? or * to list all spells.
You conjure some foxfire!
The water moccasin zombie bites you.
The foxfire hits the water moccasin zombie.
The foxfire hits the water moccasin zombie!
The water moccasin zombie bites you. 😮 HP[-6] MP[-1]
You take 6 damage, and now have 17/28 hp.
MASSIVE DAMAGE!! (PAUSE)
You lost 1 mp, and now have 12/13 mp.
You are too injured to fight recklessly!
You are too injured to fight recklessly!
You are too injured to fight recklessly!
You are too injured to fight recklessly!
You hit the water moccasin zombie.
The water moccasin zombie bites you. 😮 HP[-2]
You take 2 damage, and now have 15/28 hp.
You closely miss the water moccasin zombie.
Unknown command.
You barely miss the water moccasin zombie.
The water moccasin zombie bites you.
* * * LOW HITPOINT WARNING * * *
😨 HP[-3]
You take 3 damage, and now have 12/28 hp.
You hit the water moccasin zombie. The water moccasin zombie bites you.
* * * LOW HITPOINT WARNING * * *
😨 HP[-4]
You take 4 damage, and now have 8/28 hp.
It was a potion of berserk rage.
A red film seems to cover your vision as you go berserk!
You feel yourself moving faster!
You feel mighty!
The water moccasin zombie barely misses you. 😨 HP[+5]
You now have 42 max hp (+14).
You regained 5 hp, and now have 13/42 hp.
You puncture the water moccasin zombie!
The water moccasin zombie barely misses you.
You barely miss the water moccasin zombie.
You puncture the water moccasin zombie! The water moccasin zombie bites you.
* * * LOW HITPOINT WARNING * * *
😱 HP[-3] MP[+1]
You take 3 damage, and now have 10/42 hp.
Your mp is fully restored (13).
You puncture the water moccasin zombie!
You destroy the water moccasin zombie!
Your Conjurations skill increases to level 3!
You hit the water moccasin zombie.
You closely miss the water moccasin zombie.
The water moccasin zombie bites you.
* * * LOW HITPOINT WARNING * * *
😱 HP[-1]
You take 1 damage, and now have 9/42 hp.
You puncture the water moccasin zombie!
You closely miss the water moccasin zombie.
The water moccasin zombie bites you!
* * * LOW HITPOINT WARNING * * *
😱 HP[-7]
You take 7 damage, and now have 2/42 hp.
You puncture the water moccasin zombie! You puncture the water moccasin zombie!
The water moccasin zombie bites you.
You die...

Skill      XL: |  1  2  3  4  5 |
---------------+----------------+-----
Fire Magic     | 4 5 |  5.5
Conjurations   | 2 3 |  3.1
Spellcasting   | 4 |  4.6
Dodging        | |  2.4
Stealth        | |  2.4

Action                     |  1- 3 |  4- 6 || total
---------------------------+-------+-------++-------
  Melee: Dagger            |       |    14 ||    14
   Cast: Foxfire           |    62 |    35 ||    97
         Scorch            |    11 |     6 ||    17
    Use: Scroll            |     6 |       ||     6
         Potion            |       |     1 ||     1
 Armour: Robe              |     1 |       ||     1
         Leather armour    |    15 |    16 ||    31
  Dodge: Dodged            |    14 |    14 ||    28

Levels and vault maps discovered:
D:1:      dpeg_arrival_ternary, layout_basic
D:2:      minmay_skewed_foursquare, layout_basic, hex_tiny, minmay_misc_feat_iff
D:3:      layout_basic, riverfiend_overflow_shadow_ancestor, xom_teletrap_fun,
          ashenzari_altar_1, uniq_grinder, uniq_robin, uniq_sigmund
D:4:      layout_loops_corners, kennysheep_mini_moat,
          mainiacjoe_overflow_six_doors_small, enter_ossuary_5
Ossuary:  ossuary_tomb_2

Notes
Turn   | Place    | Note
-------+----------+-------------------------------------------
     0 | D:1      | kae the Deep Elf Fire Elementalist began the quest for the
                  | Orb.
     0 | D:1      | Reached XP level 1. HP: 10/10 MP: 6/6
     0 | D:1      | magus.rc [v1.11.3]
   197 | D:1      | Reached XP level 2. HP: 15/15 MP: 4/8
   697 | D:1      | Learned a level 2 spell: Scorch
   731 | D:1      | Reached skill level 4 in Fire Magic
   793 | D:2      | You pick up a book of Callings and begin reading...
   793 | D:2      | You add the spells Summon Small Mammal, Call Canine
                  | Familiar and Summon Blazeheart Golem to your library.
  1014 | D:2      | You fall into a shaft and drop 1 floor!
  1167 | D:3      | Reached XP level 3. HP: 19/19 MP: 7/10
  1314 | D:2      | Reached skill level 2 in Conjurations
  2170 | D:3      | Noticed Grinder
  2223 | D:3      | Noticed Robin
  2281 | D:2      | Killed Robin
  2282 | D:2      | Reached XP level 4. HP: 19/24 MP: 0/11
  2458 | D:3      | You pick up a book of Necromancy and begin reading...
  2458 | D:3      | You add the spells Necrotise, Vampiric Draining, Martyr's
                  | Knell and Curse of Agony to your library.
  2486 | D:3      | Reached skill level 4 in Spellcasting
  2490 | D:3      | Found a shimmering altar of Xom.
  2491 | D:3      | You pick up a book of Cantrips and begin reading...
  2491 | D:3      | You add the spells Sting and Apportation to your library.
  2774 | D:3      | Noticed Sigmund
  2916 | D:4      | Reached skill level 5 in Fire Magic
  2939 | D:4      | Reached XP level 5. HP: 28/28 MP: 10/13
  2941 | D:4      | Found a sand-covered staircase.
  2946 | Ossuary  | Entered an ossuary
  3011 | Ossuary  | HP: 10/42 [water moccasin zombie (4)]
  3013 | Ossuary  | Reached skill level 3 in Conjurations
  3016 | Ossuary  | HP: 2/42 [water moccasin zombie (7)]
  3018 | Ossuary  | Slain by a water moccasin zombie

Vanquished Creatures
  A water moccasin zombie (Ossuary)
  A bombardier beetle (D:4)
  Robin (D:2)
  3 gnolls
  2 adders
  An adder zombie (Ossuary)
  A dart slug (D:1)
  5 orcs
  5 endoplasms
  2 giant cockroaches
  5 goblins
  10 hobgoblins
  5 kobolds
  2 quokkas (D:1)
  4 ball pythons
  6 bats
  4 frilled lizards
  An orc zombie (Ossuary)
  2 rats (D:1)
61 creatures vanquished.

Vanquished Creatures (others)
  157 foxfires
157 creatures vanquished.

Grand Total: 218 creatures vanquished

Table legend:
 A = Non-vault XP
 B = Vault XP
 C = Vault XP percentage of total XP
 D = Non-vault monster count
 E = Vault monster count
 F = Vault count percentage of total count
                 A         B        C        D         E       F
            +---------+---------+-------+---------+---------+-------
      Total |     186 |     125 |  40.2 |      48 |      13 |  21.3
            +---------+---------+-------+---------+---------+-------
        D:1 |      37 |       0 |   0.0 |      21 |       0 |   0.0
        D:2 |      26 |      33 |  55.9 |       7 |       6 |  46.2
        D:3 |      61 |       8 |  11.6 |      14 |       4 |  22.2
        D:4 |      62 |       0 |   0.0 |       6 |       0 |   0.0
    Ossuary |       0 |      84 | 100.0 |       0 |       3 | 100.0
            +---------+---------+-------+---------+---------+-------

Skill      XL: |  1  2  3  4  5 |
---------------+----------------+-----
Fire Magic     | 4 5 |  5.5
Conjurations   | 2 3 |  3.1
Spellcasting   | 4 |  4.6
Dodging        | |  2.4
Stealth        | |  2.4

Action                     |  1- 3 |  4- 6 || total
---------------------------+-------+-------++-------
  Melee: Dagger            |       |    14 ||    14
   Cast: Foxfire           |    62 |    35 ||    97
         Scorch            |    11 |     6 ||    17
    Use: Scroll            |     6 |       ||     6
         Potion            |       |     1 ||     1
 Armour: Robe              |     1 |       ||     1
         Leather armour    |    15 |    16 ||    31
  Dodge: Dodged            |    14 |    14 ||    28

Illustrated notes

Table legend:
 A = Kills in this place as a percentage of kills in the entire game.
 B = Kills by you in this place as a percentage of kills by you in the entire game.
 C = Kills by friends in this place as a percentage of kills by friends in the entire game.
 D = Other kills in this place as a percentage of other kills in the entire game.
 E = Experience gained in this place as a percentage of experience gained in the entire game.
 F = Experience gained in this place divided by the number of levels of this place that you have seen.
                   A       B       C       D       E      F
               +-------+-------+-------+-------+-------+----------------------
         Total | 100.0 | 100.0 |   N/A |   N/A | 100.0 |  62.2
       Dungeon |  95.1 |  95.1 |   N/A |   N/A |  73.0 |  56.8
       Ossuary |   4.9 |   4.9 |   N/A |   N/A |  27.0 |  84.0
               +-------+-------+-------+-------+-------+----------------------

Table legend: (Time is in decaauts)
 A = Elapsed time spent in this place.
 B = Non-inter-level travel time spent in this place.
 C = Inter-level travel time spent in this place.
 D = Time resting spent in this place.
 E = Time spent auto-exploring this place.
 F = Levels seen in this place.
 G = Mean time per level.
                   A        B        C        D        E       F      G
               +--------+--------+--------+--------+--------+-----+--------+
         Total |   3012 |   2972 |     40 |    184 |   2253 |   5 |  602.4 |
       Dungeon |   2947 |   2907 |     40 |    184 |   2210 |   4 |  736.8 |
       Ossuary |     65 |     65 |      0 |      0 |     43 |   1 |   65.0 |
               +--------+--------+--------+--------+--------+-----+--------+

Top non-repeatable levels by time:
     D:2: 1244 daAuts
     D:1: 784 daAuts
     D:3: 780 daAuts
     D:4: 137 daAuts
 Ossuary: 65 daAuts
